 Dungeon Crawl Stone Soup version 0.26.0-18-gc5c842f807 (webtiles) character file.

Game seed: 12286397406133164057

972 jimbutter the Cleaver (level 7, 0/96 HPs)
             Began as a Minotaur Berserker on Jan 24, 2021.
             Was an Elder of Trog.
             Slain by an orc warrior
             ... wielding a +0 war axe
              (7 damage)
             ... on level 6 of the Dungeon.
             The game lasted 00:13:20 (5475 turns).

jimbutter the Cleaver (Minotaur Berserker)          Turns: 5475, Time: 00:13:21

Health: 0/96       AC:  8    Str: 23    XL:     7   Next: 94%
Magic:  6/6        EV:  7    Int:  4    God:    Trog [****..]
Gold:   268        SH: 11    Dex: 10    Spells: 6/6 levels left

rFire    . . .     SeeInvis .   a - +1 hand axe
rCold    . . .     Faith    .   m - +1 kite shield
rNeg     . . .     Spirit   .   o - +0 chain mail
rPois    .         Reflect  .   (helmet restricted)
rElec    .         Harm     .   (no cloak)
rCorr    .         Rampage  .   (no gloves)
Will     .....                  (no boots)
Stlth    ..........             (no amulet)
HPRegen  0.26/turn              (no ring)
MPRegen  0.10/turn              r - ring of stealth

@: berserking, very quick
A: retaliatory headbutt, horns 2
a: Renounce Religion, Berserk, Trog's Hand, Brothers in Arms


You were on level 6 of the Dungeon.
You worshipped Trog.
Trog was greatly pleased with you.
You visited 1 branch of the dungeon, and saw 6 of its levels.

You collected 268 gold pieces.

Inventory:

Hand Weapons
 a - a +1 hand axe (weapon)
 b - a +0 shortbow
Missiles
 g - 125 bolts
 n - 35 poisoned darts (quivered)
Armour
 m - a +1 kite shield (worn)
 o - a +0 chain mail (worn)
Jewellery
 r - a ring of stealth (right hand)
Scrolls
 f - a scroll of immolation
 h - 5 scrolls of teleportation
 i - a scroll of torment {unknown}
 j - 4 scrolls of identify
 k - 2 scrolls of remove curse
 l - a scroll of enchant weapon
 s - 2 scrolls of enchant armour
 t - a scroll of fog
Potions
 c - 2 potions of heal wounds
 e - 2 potions of brilliance
 p - a potion of magic {unknown}
 q - 3 potions of curing
 v - 3 potions of flight
 z - a potion of invisibility {unknown}


   Skills:
 + Level 6.5 Fighting
 * Level 8.6 Axes
 - Level 2.4 Armour
 - Level 2.5 Dodging
 + Level 5.0 Shields


You had 6 spell levels left.
You didn't know any spells.
Your spell library was empty.

Dungeon Overview and Level Annotations

Branches:
Dungeon (6/15)             Temple (0/1) D:5

Altars:
Dithmenos
Gozag
Okawaru
Qazlal
Trog
Wu Jian

Annotations:
D:4 2 transporters, shummie's ghost, weakling DDFi


Innate Abilities, Weirdness & Mutations

You reflexively headbutt those who attack you in melee.
You have a pair of horns on your head.


Message History

You hit the orc warrior.
The orc warrior is lightly wounded.
The orc warrior hits you with a +0 war axe!
You closely miss the orc warrior. Your headbutt misses the orc warrior.
The orc warrior is lightly wounded.
The orc warrior hits you with a +0 war axe!
You closely miss the orc warrior.
The orc warrior is lightly wounded.
The orc warrior hits you with a +0 war axe!!
* * * LOW HITPOINT WARNING * * *
A red film seems to cover your vision as you go berserk!
You feel yourself moving faster!
You feel mighty!
The orc warrior hits you with a +0 war axe.
* * * LOW HITPOINT WARNING * * *
You hit the orc warrior. Your headbutt misses the orc warrior.
The orc warrior is lightly wounded.
You closely miss the orc warrior.
The orc warrior is lightly wounded.
The orc warrior hits you with a +0 war axe!
You die...

#. #. #. #############.
#####....#....#.##
#........'....#...
#........#....#...
#(###....#....#'##
#.....######@###...†#####....
+.....#....o........# #....
#.....#.............# #....
#.....#.............# #....
#.....#.............# #....
#.....#.............# #....
#....###..##.###..### #....
##....###..##.# #### #####
+...........#..


You could see an orc warrior.

Vanquished Creatures
  An orc warrior (D:6)
  An ice beast (D:5)
  A sky beast (D:5)
  An ogre (D:5)
  A bullfrog (D:6)
  3 scorpions
  2 hounds
  An orc wizard (D:6)
  An iguana (D:5)
  Terence (D:2)
  A worker ant (D:5)
  A hound skeleton (D:4)
  A howler monkey skeleton (D:5)
  10 adders
  A white imp (D:5)
  An ufetubus (D:5)
  An adder zombie (D:5)
  2 adder skeletons (D:5)
  3 worms
  A dart slug (D:2)
  5 leopard geckos
  5 orcs
  9 bats
  7 giant cockroaches
  8 hobgoblins
  5 jackals (D:2)
  5 kobolds
  4 quokkas
  A ball python (D:3)
  7 frilled lizards
  A giant cockroach zombie (D:5)
  8 goblins
  9 rats
109 creatures vanquished.

Notes
Turn   | Place    | Note
-------+----------+-------------------------------------------
     0 | D:1      | jimbutter the Minotaur Berserker began the quest for the
                  | Orb.
     0 | D:1      | Reached XP level 1. HP: 19/19 MP: 0/0
     7 | D:1      | You fall into a shaft and drop 1 floor!
   164 | D:1      | Reached skill level 4 in Axes
   248 | D:1      | Reached XP level 2. HP: 27/27 MP: 1/1
  1082 | D:2      | Reached XP level 3. HP: 22/33 MP: 2/2
  1244 | D:2      | Reached skill level 1 in Shields
  1249 | D:2      | Reached ** piety under Trog
  1291 | D:2      | Found an iron altar of Okawaru.
  1328 | D:2      | Noticed Terence
  1341 | D:2      | Killed Terence
  1342 | D:2      | Reached skill level 5 in Axes
  1342 | D:2      | Reached XP level 4. HP: 41/41 MP: 3/3
  1580 | D:2      | Found an iron altar of Okawaru.
  1844 | D:3      | Reached *** piety under Trog
  1886 | D:3      | Reached XP level 5. HP: 47/47 MP: 4/4
  2036 | D:3      | Found a shadowy altar of Dithmenos.
  2114 | D:3      | Found a bloodstained altar of Trog.
  2533 | D:4      | Found a stormy altar of Qazlal.
  2658 | D:4      | Reached skill level 5 in Fighting
  2658 | D:4      | Reached skill level 6 in Axes
  2677 | D:4      | Reached XP level 6. HP: 46/56 MP: 5/5
  2937 | D:4      | Found a transporter.
  2938 | D:4      | Noticed shummie's ghost (weakling DDFi)
  2941 | D:4      | Found a transporter.
  3204 | D:5      | Entered Level 5 of the Dungeon
  3415 | D:5      | Found an opulent altar of Gozag.
  3547 | D:5      | Noticed a sky beast
  3558 | D:5      | Killed a sky beast
  3559 | D:5      | Reached skill level 7 in Axes
  3729 | D:5      | Found an ornate altar of the Wu Jian Council.
  3737 | D:5      | Reached XP level 7. HP: 57/62 MP: 6/6
  4168 | D:5      | Found a staircase to the Ecumenical Temple.
  4678 | D:6      | Reached **** piety under Trog
  4819 | D:5      | Reached skill level 8 in Axes
  5357 | D:6      | Reached skill level 5 in Shields
  5475 | D:6      | Slain by an orc warrior

Illustrated notes

Levels and vault maps discovered:
D:1:      dpeg_arrival_fog, layout_basic, interstate_on_off, minmay_misc_feat_x
D:2:      layout_basic, overflow_temple_1_default, chequers_arboretum,
          okawaru_ov_weapons_minmay, uniq_terence
D:3:      layout_rooms, grunt_dithmenos_smoke_and_mirrors, trog_butcher_becter
D:4:      layout_basic, grunt_qazlal_clouds, gammafunk_ghost_mausoleum
D:5:      layout_basic, lemuel_crystal_altar, temple_pool_b,
          nicolae_gozag_cash_rules_everything_around_me
D:6:      layout_gridville, minmay_lizard_king, uniq_pikel

Skill      XL: |  1  2  3  4  5  6  7 |
---------------+----------------------+-----
Axes           | 4 5 6 7 8 |  8.6
Fighting       | 4 5 6 |  6.5
Shields        | 1 2 3 5 |  5.0
Armour         | |  2.4
Dodging        | |  2.5

Action                   |  1- 3 |  4- 6 |  7- 9 || total
-------------------------+-------+-------+-------++-------
Melee: Hand axe          |    80 |   180 |    81 ||   341
       Headbutt          |     8 |    28 |    14 ||    50
Invok: Berserk           |     2 |       |     3 ||     5
       Trog's Hand       |       |       |     1 ||     1
  Use: Scroll            |       |    11 |     3 ||    14
Armor: Animal skin       |    11 |       |       ||    11
       Chain mail        |    27 |    83 |    23 ||   133
Dodge: Dodged            |    31 |    44 |    14 ||    89
Block: Kite shield       |    24 |    77 |    28 ||   129
